TOP OF THE 1ST |
Montana Pandas batting - Pitching for Austin Rangers : RHP Lester Sullivan
|
Pitching: RHP Lester Sullivan
|
|
Batting: RHB Rob Warner
|
0-0: Called Strike 0-1: Foul Ball, location: 2F 0-2: Ground out 5-3 (Groundball, 5L)
|
Batting: RHB Pancho Salaedo
|
0-0: Foul Ball, location: 2F 0-1: Foul Ball, location: 2F 0-2: Strikes out swinging
|
Batting: RHB Brent Ryan
|
0-0: Called Strike 0-1: Ball 1-1: Swinging Strike 1-2: Ball 2-2: Ground out 6-3 (Groundball, 6)
|
Top of the 1st over - 0 run(s), 0 hit(s), 0 error(s), 0 left on base; Montana 0 - Austin 0 |
BOTTOM OF THE 1ST |
Austin Rangers batting - Pitching for Montana Pandas : RHP Louis Webber
|
Pitching: RHP Louis Webber
|
|
Batting: RHB José Muñóz
|
0-0: Ball 1-0: Swinging Strike 1-1: Foul Ball, location: 2F 1-2: Ball 2-2: Ball 3-2: Base on Balls
|
Batting: RHB Tony Hernández
|
0-0: Ball 1-0: Swinging Strike 1-1: Ball 2-1: Foul Ball, location: 2F 2-2: Ground out 5-3 (Groundball, 56S) José Muñóz to second
|
Batting: SHB Carlos Kramer
|
0-0: Ball 1-0: Ground out 4-3 (Groundball, 4M) José Muñóz to third
|
Batting: LHB Yun Yen
|
0-0: Ball 1-0: Ball 2-0: Ball 3-0: Called Strike 3-1: Called Strike 3-2: Foul Ball, location: 2F 3-2: SINGLE (Flyball, 7LS) José Muñóz scores
|
Batting: RHB Jeff Green
|
0-0: Ball 1-0: Ball 2-0: Ball 3-0: Base on Balls Yun Yen to second
|
Batting: LHB Gonzalo López
|
0-0: Ball 1-0: Called Strike 1-1: Foul Ball, location: 2F 1-2: Ball 2-2: SINGLE (Line Drive, 9S) Yun Yen to third Jeff Green to second
|
Batting: LHB Motoshige Kitamura
|
0-0: Ball 1-0: Foul Ball, location: 2F 1-1: Ball 2-1: SINGLE (Groundball, 34S) Yun Yen scores Jeff Green to third Gonzalo López to second Runner from 3rd tries for Home, SAFE, no throw or cutoff
|
Batting: SHB Xavier Vásquez
|
0-0: Foul Ball, location: 2F 0-1: Ball 1-1: Swinging Strike 1-2: Ball 2-2: Strikes out looking
|
Bottom of the 1st over - 3 run(s), 3 hit(s), 0 error(s), 2 left on base; Montana 0 - Austin 3 |
TOP OF THE 2ND |
Montana Pandas batting - Pitching for Austin Rangers : RHP Lester Sullivan
|
Batting: RHB Luis Muñóz
|
0-0: Called Strike 0-1: Foul Ball, location: 2F 0-2: Ball 1-2: Ball 2-2: SOLO HOME RUN (Flyball, 78XD), Distance : 384 ft
|
Batting: LHB Luis Velázquez
|
0-0: Ball 1-0: Fly out, F1 (Line Drive, 13)
|
Batting: RHB Ted Cook
|
0-0: Ball 1-0: Ball 2-0: Swinging Strike 2-1: Ball 3-1: Ground out 1-3 (Groundball, 15)
|
Batting: RHB Dani Trejo
|
0-0: Fly out, F8 (Flyball, 8LM)
|
Top of the 2nd over - 1 run(s), 1 hit(s), 0 error(s), 0 left on base; Montana 1 - Austin 3 |
BOTTOM OF THE 2ND |
Austin Rangers batting - Pitching for Montana Pandas : RHP Louis Webber
|
Batting: RHB Joaquín Parra
|
0-0: Ground out 4-3 (Groundball, 4)
|
Batting: RHB José Muñóz
|
0-0: Ball 1-0: Swinging Strike 1-1: Ball 2-1: Foul Ball, location: 2F 2-2: Foul Ball, location: 2F 2-2: Foul Ball, location: 2F 2-2: Ground out 2-3 (Groundball, 15S)
|
Batting: RHB Tony Hernández
|
0-0: Ball 1-0: Ball 2-0: Ball 3-0: Base on Balls
|
Batting: SHB Carlos Kramer
|
0-0: Ball Tony Hernández is caught stealing 2nd base
|
Bottom of the 2nd over - 0 run(s), 0 hit(s), 0 error(s), 0 left on base; Montana 1 - Austin 3 |
TOP OF THE 3RD |
Montana Pandas batting - Pitching for Austin Rangers : RHP Lester Sullivan
|
Batting: LHB António González
|
0-0: Called Strike 0-1: Foul Ball, location: 2F 0-2: Fly out, F7 (Flyball, 7M)
|
Batting: RHB Jim Scott
|
0-0: Fly out, F7 (Flyball, 7D)
|
Batting: RHB Rob Warner
|
0-0: Ball 1-0: Called Strike 1-1: Ball 2-1: Foul Ball, location: 2F 2-2: Ball 3-2: Foul Ball, location: 2F 3-2: Ground out 6-3 (Groundball, 6MS)
|
Top of the 3rd over - 0 run(s), 0 hit(s), 0 error(s), 0 left on base; Montana 1 - Austin 3 |
BOTTOM OF THE 3RD |
Austin Rangers batting - Pitching for Montana Pandas : RHP Louis Webber
|
Batting: SHB Carlos Kramer
|
0-0: Ball 1-0: Ball 2-0: Foul Ball, location: 2F 2-1: Swinging Strike 2-2: Ground out 4-3 (Groundball, 13)
|
Batting: LHB Yun Yen
|
0-0: Foul Ball, location: 2F 0-1: DOUBLE (Groundball, 3L)
|
Batting: RHB Jeff Green
|
0-0: Swinging Strike 0-1: Foul Ball, location: 2F 0-2: Ball 1-2: Fly out, F7 (Flyball, 7LM)
|
Batting: LHB Gonzalo López
|
0-0: Foul Ball, location: 2F 0-1: Ball Wild Pitch! Yun Yen to third 1-1: Ball 2-1: Foul Ball, location: 2F 2-2: SINGLE (Line Drive, 78S) Yun Yen scores
|
Batting: LHB Motoshige Kitamura
|
0-0: Called Strike 0-1: Ground out 3-1 (Groundball, 34)
|
Bottom of the 3rd over - 1 run(s), 2 hit(s), 0 error(s), 1 left on base; Montana 1 - Austin 4 |
TOP OF THE 4TH |
Montana Pandas batting - Pitching for Austin Rangers : RHP Lester Sullivan
|
Batting: RHB Pancho Salaedo
|
0-0: SOLO HOME RUN (Flyball, 7D), Distance : 384 ft
|
Batting: RHB Brent Ryan
|
0-0: SINGLE (Line Drive, 6MD)
|
Batting: RHB Luis Muñóz
|
0-0: Ball 1-0: Swinging Strike 1-1: Ball 2-1: Fly out, F8 (Flyball, 89D)
|
Batting: LHB Luis Velázquez
|
0-0: Ball Brent Ryan is caught stealing 2nd base 1-0: Foul Ball, location: 2F 1-1: Ball 2-1: SINGLE (Groundball, 4MD)
|
Batting: RHB Ted Cook
|
0-0: Ball 1-0: Ball 2-0: Ball 3-0: Called Strike 3-1: Fly out, F9 (Flyball, 9M)
|
Top of the 4th over - 1 run(s), 3 hit(s), 0 error(s), 1 left on base; Montana 2 - Austin 4 |
BOTTOM OF THE 4TH |
Austin Rangers batting - Pitching for Montana Pandas : RHP Louis Webber
|
Batting: SHB Xavier Vásquez
|
0-0: Fly out, F2 (Popup, 25F)
|
Pitching: RHP Carlos Guzmán
|
|
Batting: RHB Joaquín Parra
|
0-0: SINGLE (Popup, 89S)
|
Batting: RHB José Muñóz
|
0-0: Called Strike 0-1: Foul Ball, location: 2F 0-2: Foul Ball, location: 2F 0-2: Ball 1-2: Ball 2-2: Fly out, F8 (Flyball, 8LM)
|
Batting: RHB Tony Hernández
|
0-0: Called Strike 0-1: Ball 1-1: Ball 2-1: Foul Ball, location: 2F 2-2: Fielders Choice at 2nd, U6 (Groundball, 6M)
|
Bottom of the 4th over - 0 run(s), 1 hit(s), 0 error(s), 1 left on base; Montana 2 - Austin 4 |
TOP OF THE 5TH |
Montana Pandas batting - Pitching for Austin Rangers : RHP Lester Sullivan
|
Batting: RHB Dani Trejo
|
0-0: Foul Ball, location: 2F 0-1: Foul Ball, location: 2F 0-2: Ground out 6-3 (Groundball, 6)
|
Batting: LHB António González
|
0-0: Ball 1-0: Called Strike 1-1: Swinging Strike 1-2: Strikes out swinging
|
Batting: RHB Jim Scott
|
0-0: SOLO HOME RUN (Line Drive, 7D), Distance : 377 ft
|
Batting: RHB Rob Warner
|
0-0: Ball 1-0: Fly out, F5 (Popup, 56S)
|
Top of the 5th over - 1 run(s), 1 hit(s), 0 error(s), 0 left on base; Montana 3 - Austin 4 |
BOTTOM OF THE 5TH |
Austin Rangers batting - Pitching for Montana Pandas : RHP Carlos Guzmán
|
Batting: SHB Carlos Kramer
|
0-0: Ball 1-0: Ground out 4-3 (Groundball, 34)
|
Batting: LHB Yun Yen
|
0-0: Called Strike 0-1: Ground out 4-3 (Groundball, 4)
|
Batting: RHB Jeff Green
|
0-0: Ball 1-0: Called Strike 1-1: Ground out 5-3 (Groundball, 56)
|
Bottom of the 5th over - 0 run(s), 0 hit(s), 0 error(s), 0 left on base; Montana 3 - Austin 4 |
TOP OF THE 6TH |
Montana Pandas batting - Pitching for Austin Rangers : RHP Lester Sullivan
|
Batting: RHB Pancho Salaedo
|
0-0: Swinging Strike 0-1: Called Strike 0-2: Strikes out swinging
|
Batting: RHB Brent Ryan
|
0-0: Ball 1-0: Called Strike 1-1: Ball 2-1: Foul Ball, location: 2F 2-2: Foul Ball, location: 2F 2-2: Reached on error, E5 (Groundball, 5)
|
Batting: RHB Luis Muñóz
|
0-0: Ball Brent Ryan steals 2nd base 1-0: Foul Ball, location: 2F 1-1: Foul Ball, location: 2F 1-2: Ground out 4-3 (Groundball, 4) Brent Ryan to third
|
Batting: LHB Luis Velázquez
|
0-0: Called Strike 0-1: Ball 1-1: Foul Ball, location: 2F 1-2: Fly out, F7 (Flyball, 78M)
|
Top of the 6th over - 0 run(s), 0 hit(s), 1 error(s), 1 left on base; Montana 3 - Austin 4 |
BOTTOM OF THE 6TH |
Austin Rangers batting - Pitching for Montana Pandas : RHP Carlos Guzmán
|
Batting: LHB Gonzalo López
|
0-0: Swinging Strike 0-1: Foul Ball, location: 2F 0-2: Foul Ball, location: 2F 0-2: Foul Ball, location: 2F 0-2: Ball 1-2: Ball 2-2: Foul Ball, location: 2F 2-2: Foul Ball, location: 2F 2-2: Ball 3-2: Strikes out looking
|
Batting: LHB Motoshige Kitamura
|
0-0: Ball 1-0: Ball 2-0: Called Strike 2-1: Swinging Strike 2-2: Strikes out swinging
|
Batting: SHB Xavier Vásquez
|
0-0: SINGLE (Line Drive, 89S)
|
Pitching: RHP Guillermo Pérez
|
|
Batting: RHB Joaquín Parra
|
0-0: Fly out, F3 (Popup, 3S)
|
Bottom of the 6th over - 0 run(s), 1 hit(s), 0 error(s), 1 left on base; Montana 3 - Austin 4 |
TOP OF THE 7TH |
Montana Pandas batting - Pitching for Austin Rangers : RHP Lester Sullivan
|
Batting: RHB Ted Cook
|
0-0: Ball 1-0: Called Strike 1-1: Ball 2-1: Fly out, F6 (Line Drive, 6)
|
Batting: RHB Dani Trejo
|
0-0: Fly out, F4 (Line Drive, 4)
|
Batting: LHB António González
|
0-0: Ball 1-0: DOUBLE (Line Drive, 9LS)
|
Batting: RHB Jim Scott
|
0-0: Ball 1-0: SINGLE (Flyball, 7S) António González to third Runner from 3rd tries for Home, SAFE, no throw or cutoff
|
Batting: RHB Rob Warner
|
0-0: Called Strike 0-1: Ball 1-1: Called Strike 1-2: Foul Ball, location: 2F 1-2: Ball 2-2: Ball 3-2: Ground out 5-3 (Groundball, 6)
|
Top of the 7th over - 1 run(s), 2 hit(s), 0 error(s), 1 left on base; Montana 4 - Austin 4 |
BOTTOM OF THE 7TH |
Austin Rangers batting - Pitching for Montana Pandas : RHP Guillermo Pérez
|
Batting: RHB José Muñóz
|
0-0: Ball 1-0: Called Strike 1-1: Foul Ball, location: 2F 1-2: Ball 2-2: Foul Ball, location: 2F 2-2: Fly out, F8 (Flyball, 8LM)
|
Batting: RHB Tony Hernández
|
0-0: Ball 1-0: Foul Ball, location: 2F 1-1: Foul Ball, location: 2F 1-2: Foul Ball, location: 2F 1-2: Foul Ball, location: 2F 1-2: Foul Ball, location: 2F 1-2: Ground out 6-3 (Groundball, 6)
|
Batting: SHB Carlos Kramer
|
0-0: Ball 1-0: Called Strike 1-1: SOLO HOME RUN (Flyball, 9D), Distance : 396 ft
|
Batting: LHB Yun Yen
|
0-0: Ball 1-0: Ball 2-0: Ball 3-0: Base on Balls
|
Batting: RHB Jeff Green
|
0-0: Swinging Strike 0-1: Swinging Strike 0-2: Fielders Choice at 2nd, 5-4 (Groundball, 56)
|
Bottom of the 7th over - 1 run(s), 1 hit(s), 0 error(s), 0 left on base; Montana 4 - Austin 5 |
TOP OF THE 8TH |
Montana Pandas batting - Pitching for Austin Rangers : RHP Lester Sullivan
|
Batting: RHB Pancho Salaedo
|
0-0: Ball 1-0: SOLO HOME RUN (Flyball, 7D), Distance : 400 ft
|
Batting: RHB Brent Ryan
|
0-0: Called Strike 0-1: Swinging Strike 0-2: Ball 1-2: SOLO HOME RUN (Flyball, 78XD), Distance : 388 ft
|
Pitching: RHP Decheng Sun
|
|
Batting: RHB Luis Muñóz
|
0-0: Fly out, F6 (Popup, 4MD)
|
Batting: LHB Luis Velázquez
|
0-0: Ball 1-0: Ball 2-0: Ball 3-0: Swinging Strike 3-1: Called Strike 3-2: Foul Ball, location: 2F 3-2: Base on Balls
|
Batting: RHB Ted Cook
|
0-0: SINGLE (Groundball, 56D) Luis Velázquez to second
|
Batting: RHB Dani Trejo
|
0-0: Swinging Strike 0-1: Foul Ball, location: 2F 0-2: Strikes out swinging
|
Batting: LHB António González
|
0-0: Ball 1-0: Swinging Strike 1-1: Ball 2-1: Foul Ball, location: 2F 2-2: Ball 3-2: Ground out U3 (Groundball, 3L)
|
Top of the 8th over - 2 run(s), 3 hit(s), 0 error(s), 2 left on base; Montana 6 - Austin 5 |
BOTTOM OF THE 8TH |
Austin Rangers batting - Pitching for Montana Pandas : RHP Guillermo Pérez
|
Pitching: LHP Motoyuki Nakamura
|
|
Batting: LHB Gonzalo López
|
0-0: Foul Ball, location: 2F 0-1: Ball 1-1: SINGLE (Groundball, 56D)
|
Pinch Hitting: RHB Orlando Padilla
|
0-0: Ball 1-0: Bunted foul 1-1: Sac Bunt - play at first, batter OUT! 2-4 Gonzalo López to second
|
Pinch Hitting: RHB Alex Maxwell
|
0-0: Called Strike 0-1: Ball 1-1: Ball 2-1: Fly out, F8 (Flyball, 8RD) Runner from 2nd tags up, SAFE at 3rd, no throw
|
Batting: RHB Joaquín Parra
|
0-0: Called Strike 0-1: Ball 1-1: Fly out, F8 (Flyball, 8LD)
|
Bottom of the 8th over - 0 run(s), 1 hit(s), 0 error(s), 1 left on base; Montana 6 - Austin 5 |
TOP OF THE 9TH |
Montana Pandas batting - Pitching for Austin Rangers : RHP Decheng Sun
|
Pitching: RHP Júlio Rodríguez
|
|
Now at SS: António Rivera
|
|
Now in CF: Alex Maxwell
|
|
Batting: RHB Jim Scott
|
0-0: Foul Ball, location: 2F 0-1: Foul Ball, location: 2F 0-2: Ball 1-2: Foul Ball, location: 2F 1-2: Strikes out looking
|
Batting: RHB Rob Warner
|
0-0: Ball 1-0: Foul Ball, location: 2F 1-1: Foul Ball, location: 2F 1-2: Ball 2-2: Strikes out looking
|
Batting: RHB Pancho Salaedo
|
0-0: Called Strike 0-1: Called Strike 0-2: Ball 1-2: Foul Ball, location: 2F 1-2: SINGLE (Groundball, 4MD)
|
Batting: RHB Brent Ryan
|
0-0: Ball 1-0: Ball 2-0: Called Strike 2-1: SINGLE (Groundball, 6MD) Pancho Salaedo to second
|
Batting: RHB Luis Muñóz
|
0-0: Called Strike 0-1: Ball 1-1: Called Strike 1-2: Strikes out swinging
|
Top of the 9th over - 0 run(s), 2 hit(s), 0 error(s), 2 left on base; Montana 6 - Austin 5 |
BOTTOM OF THE 9TH |
Austin Rangers batting - Pitching for Montana Pandas : LHP Motoyuki Nakamura
|
Pitching: LHP Cody Brown
|
|
Now in CF: Mauro López
|
|
Batting: RHB José Muñóz
|
0-0: Called Strike 0-1: Called Strike 0-2: Ball 1-2: Fly out, F9 (Flyball, 89M)
|
Batting: RHB Tony Hernández
|
0-0: Foul Ball, location: 2F 0-1: Ball 1-1: Fly out, F6 (Popup, 6M)
|
Batting: SHB Carlos Kramer
|
0-0: Fly out, F3 (Popup, 3F)
|
Bottom of the 9th over - 0 run(s), 0 hit(s), 0 error(s), 0 left on base; Montana 6 - Austin 5 |
|